 Dungeon Crawl Stone Soup version 0.18-a0-1211-g828307d (webtiles) character file.

179 Duffy the Conjurer (level 5, -1/28 HPs)
             Began as a Deep Elf Conjurer on Feb 2, 2016.
             Slain by an orc
             ... wielding a +0 trident
              (9 damage)
             ... on level 4 of the Dungeon.
             The game lasted 00:03:51 (3241 turns).

Duffy the Conjurer (Deep Elf Conjurer)              Turns: 3241, Time: 00:03:51

Health: -1/28      AC:  1    Str:  5    XL:     5   Next: 32%
Magic:  5/14       EV: 13    Int: 21    God:
Gold:   77         SH:  0    Dex: 15    Spells: 4 memorised, 2 levels left

rFire  + . .     SeeInvis .     d - 111 stones
rCold  x . .     Gourm    .     a - +0 robe
rNeg   . . .     Faith    .     (no shield)
rPois  .         Spirit   .     (no helmet)
rElec  .         Dismiss  .     g - -2 cloak (curse)
rCorr  .         Reflect  .     (no gloves)
SustAt .         Harm     .     (no boots)
MR     +....                    (no amulet)
Stlth  ++........               f - ring of protection from magic
                                o - ring of fire (curse)

@: somewhat resistant to hostile enchantments, unstealthy
A: no striking features
a: no special abilities


You were on level 4 of the Dungeon.
You were not hungry.

You visited 1 branch of the dungeon, and saw 4 of its levels.

You collected 77 gold pieces.


   Skills:
 - Level 2.4 Dodging
 - Level 2.4 Stealth
 + Level 4.8 Spellcasting
 * Level 6.3 Conjurations
 + Level 1.6 Hexes


You had 2 spell levels left.
You knew the following spells:

 Your Spells              Type           Power        Failure   Level  Hunger
a - Magic Dart            Conj           ####         1%          1    None
j - Iskenderun's Mystic   Conj           ####....     10%         4    ####...
l - Fulminant Prism       Conj/Hex       ###.......   24%         4    ####...
s - Searing Ray           Conj           ####..       1%          2    None

Inventory:

Missiles
 d - 111 stones (in hand)
 l - 37 poisoned needles
Armour
 a - a +0 robe (worn)
 g - a cursed -2 cloak (worn)
Jewellery
 e - an uncursed ring of see invisible
 f - a ring of protection from magic (right hand)
 j - an uncursed ring of stealth
 o - a cursed ring of fire (left hand)
Wands
 t - a wand of flame (23/48)
Scrolls
 i - a scroll of random uselessness {unknown}
 n - 2 scrolls of remove curse {unknown}
 s - a scroll of identify {unknown}
 u - 2 scrolls of teleportation {unknown}
Potions
 h - a potion of ambrosia {unknown}
 m - 2 potions of curing {unknown}
 r - a potion of flight {unknown}
Books
 b - a book of Conjurations
Comestibles
 c - 2 bread rations
 k - a meat ration
 p - a beef jerky
 q - a chunk of flesh

Dungeon Overview and Level Annotations

Branches:
Dungeon (4/15)
 Temple: D:4-7

Altars:


Message History

The puff of flame hits you! You resist. The orc barely misses you.
The searing ray hits the orc wizard.
You kill the orc wizard!
The orc hits you from afar with a trident!
An orc comes into view. It is wielding a trident.
The orc hits you but does no damage.
Cast which spell? (? or * to list)
Aiming: Searing Ray
Press: ? - help, Shift-Dir - straight line, f - orc
Aim: an orc, wielding a trident and wearing a leather armour The searing ray hits the orc.
The orc is heavily wounded.
The orc closely misses you.
The searing ray hits the orc.
You kill the orc!
Cast which spell? (? or * to list)
Aiming: Magic Dart
Press: ? - help, Shift-Dir - straight line, f - orc
Aim: an orc, wielding a trident and wearing a leather armour (hasn't noticed you)
The magic dart hits the orc.
The orc shouts!
There is a stone staircase leading up here.
Cast which spell? (? or * to list)
Aiming: Searing Ray
Press: ? - help, Shift-Dir - straight line, f/p - orc
Aim: an orc, wielding a trident and wearing a leather armour The searing ray misses the orc.
The orc hits you from afar with a trident!
The searing ray hits the orc.
The orc is lightly wounded.
The orc closely misses you.
The searing ray misses the orc.
The orc closely misses you.
The searing ray misses the orc.
The orc hits you from afar with a trident!
You die...

#.#... #
.#..##.###
....#...#
##.>.%....
#....#
####....#
#..).#)...#
#.####).###
#.@# <....
#..# #o##.#
##.o .o. .#
#.#.#.. .
#....## ##
### .# .# #


You could see an orc.

Action                   |  1- 3 |  4- 6 || total
-------------------------+-------+-------++-------
 Cast: Magic Dart        |    91 |    48 ||   139
       Searing Ray       |     3 |     7 ||    10
  Eat: Chunk             |     4 |     3 ||     7

Notes
Turn   | Place    | Note
--------------------------------------------------------------
     0 | D:1      | Duffy the Deep Elf Conjurer began the quest for the Orb.
     0 | D:1      | Reached XP level 1. HP: 10/10 MP: 6/6
   295 | D:1      | Reached XP level 2. HP: 15/15 MP: 4/8
   299 | D:1      | Learned a level 2 spell: Searing Ray
   684 | D:1      | Reached skill level 5 in Conjurations
  1125 | D:2      | Reached XP level 3. HP: 19/19 MP: 8/10
  1439 | D:2      | Reached skill level 4 in Spellcasting
  2194 | D:3      | Reached XP level 4. HP: 24/24 MP: 8/12
  2259 | D:3      | Learned a level 4 spell: Fulminant Prism
  2264 | D:3      | Learned a level 4 spell: Iskenderun's Mystic Blast
  2762 | D:3      | Reached skill level 1 in Hexes
  3086 | D:3      | Reached skill level 6 in Conjurations
  3086 | D:3      | Reached XP level 5. HP: 28/28 MP: 3/14
  3241 | D:4      | Slain by an orc

Vault maps used:
D:1:      wheals_arrival_linesprint
D:2:      forest_paths, eino_curves_02

Vanquished Creatures
  An orc wizard
  A worker ant
  4 adders
  2 worms
  A giant gecko
  4 orcs
  5 giant cockroaches
  7 goblins
  8 hobgoblins
  8 jackals
  A quokka
  2 ball pythons
  6 bats
  3 giant newts
  11 kobolds
  15 rats
79 creatures vanquished.
